 Dungeon Crawl Stone Soup version 0.31-a0-177-g4aa6249778 (webtiles) character file.

Game seed: 3921172152693585802

123 zazu2006 the Slicer (level 5, -2/38 (43) HPs)
             Began as a Gnoll Wanderer on June 18, 2023.
             Slain by an orc wizard
             ... wielding a +0 dagger
              (3 damage)
             ... on level 3 of the Dungeon.
             The game lasted 00:04:29 (1757 turns).

zazu2006 the Slicer (Gnoll Wanderer)                Turns: 1757, Time: 00:04:29

HP:   -2/38 (43)    AC:  4    Str:  9 (11) XL:     5   Next: 7%
MP:   7/7           EV: 11    Int: 10 (12) God:
Gold: 106           SH:  0    Dex: 12 (13) Spells: 6/6 levels left

rFire   . . .        a - +3 short sword
rCold   . . .        (no shield)
rNeg    . . .        d - +0 leather armour
rPois   .            (no helmet)
rElec   .            f - scarf {+Inv}
rCorr   .            b - +0 pair of gloves
SInv    .            (no boots)
Will    .....        (no amulet)
Stlth   +            (no ring)
HPRegen 0.26/turn    (no ring)
MPRegen 0.10/turn

%: no passive effects
@: confused, heavily drained
A: fangs 1, strong nose, distributed training
a: Evoke Invisibility


You were on level 3 of the Dungeon.
You visited 1 branch of the dungeon, and saw 3 of its levels.

You collected 106 gold pieces.

Inventory:

Hand Weapons
 a - a +3 short sword (weapon)
Armour
 b - a +0 pair of gloves (worn)
 d - a +0 leather armour (worn)
 f - a scarf of invisibility (worn)
Scrolls
 c - a scroll of vulnerability
 e - a scroll of identify
 g - a scroll of enchant armour {unknown}
 i - a scroll of revelation {unknown}
 j - a scroll of enchant weapon {unknown}
 n - a scroll of noise {unknown}
 o - 3 scrolls of teleportation


   Skills:
 + Level 4.7 Fighting
 + Level 8.6 Short Blades
 + Level 1.4 Long Blades
 + Level 1.4 Axes
 + Level 1.4 Maces & Flails
 + Level 1.4 Polearms
 + Level 1.4 Staves
 + Level 1.4 Ranged Weapons
 + Level 1.4 Throwing
 + Level 2.9 Armour
 + Level 1.4 Dodging
 + Level 4.3 Stealth
 + Level 1.4 Shields
 + Level 1.4 Unarmed Combat
 + Level 1.4 Spellcasting
 + Level 1.1 Conjurations
 + Level 1.1 Hexes
 + Level 1.1 Summonings
 + Level 1.1 Necromancy
 + Level 1.1 Translocations
 + Level 1.1 Transmutations
 + Level 1.1 Fire Magic
 + Level 1.1 Ice Magic
 + Level 1.1 Air Magic
 + Level 1.1 Earth Magic
 + Level 1.1 Poison Magic
 + Level 3.0 Invocations
 + Level 1.4 Evocations


You had 6 spell levels left.
You didn't know any spells.
Your spell library contained the following spells:

 Spells                   Type           Power      Damage    Failure   Level
 Kiss of Death            Conj/Necr      8%         2d6       28%         1
 Confusing Touch          Hex            2%         N/A       65%         3
 Dispel Undead            Necr           2%         3d7       96%         4


Dungeon Overview and Level Annotations

Branches:
Dungeon (3/15)

Altars:


Innate Abilities, Weirdness & Mutations

You have very sharp teeth.
Your uncanny sense of smell can sniff out nearby items.
Your experience applies equally to all skills.


Message History

You see here an adder corpse.
You feel better. Something hits you.
As you read the scroll labelled RERIQO VOTUPPUSK, it crumbles to dust.
It is a scroll of identify.
k - a scroll of fear Something hits you.
As you read the scroll of fear, it crumbles to dust.
You assume a fearsome visage.
The orc priest looks frightened!
The orc looks frightened!
You are confused.
You see here 6 atropa-tipped darts.
You aren't carrying any potions.
You bump into the rock wall.
Something hits you but does no damage. The orc hits you with a +0 club.
You hear some strange, mumbled words.
A puff of flame appears from out of thin air!
The puff of flame hits you!
* * * LOW HITPOINT WARNING * * *
The orc barely misses you.
You bump into the rock wall.
You feel less confused. Something hits you.
* * * LOW HITPOINT WARNING * * *
The orc hits you with a +0 club.
* * * LOW HITPOINT WARNING * * *
Unknown command.
You aren't carrying any potions.
Unknown command.
As you read the scroll of identify, it crumbles to dust.
o - 3 scrolls of teleportation You hear some strange, mumbled words.
You are confused.
The orc hits you but does no damage.
You bump into the rock wall.
Something hits you.
* * * LOW HITPOINT WARNING * * *
The orc completely misses you.
Unknown command.
You aren't carrying any potions.
Something hits you.
You die...

#......###...# #.......#
#.#.# ).......# #.#.##
........# #.#..######
...o....# #..#......#
>w......# ##........#
........# ##.......#
#######.# #..(....# #.#
##@.....# .. #.#
#{o....# ... #.#
#......# #..## #.#
####†.....## #....
#.###.)........# .....##
#.##.o##...)....#
#....###.##.##########.#
#......o.# .#
#####..#..#### .


You could see an orc.

Vanquished Creatures
  Jessica (D:2)
  3 adders
  3 worms
  3 dart slugs
  An orc (D:3)
  5 ball pythons
  4 endoplasms
  2 giant cockroaches
  2 goblins
  6 hobgoblins
  7 kobolds
  2 quokkas
  7 bats
  2 frilled lizards (D:1)
  6 rats
54 creatures vanquished.

Notes
Turn   | Place    | Note
-------+----------+-------------------------------------------
     0 | D:1      | zazu2006 the Gnoll Wanderer began the quest for the Orb.
     0 | D:1      | zazu2006 set off with the following items: a +3 short
                  | sword, a +0 pair of gloves, a scroll of vulnerability, a +0
                  | leather armour.
     0 | D:1      | Reached XP level 1. HP: 20/20 MP: 2/2
   116 | D:1      | Reached XP level 2. HP: 24/26 MP: 3/3
   429 | D:1      | Reached XP level 3. HP: 26/28 MP: 4/4
   952 | D:2      | Reached skill level 1 in Long Blades
   952 | D:2      | Reached skill level 1 in Axes
   952 | D:2      | Reached skill level 1 in Maces & Flails
   952 | D:2      | Reached skill level 1 in Polearms
   952 | D:2      | Reached skill level 1 in Staves
   952 | D:2      | Reached skill level 1 in Ranged Weapons
   952 | D:2      | Reached skill level 1 in Throwing
   952 | D:2      | Reached skill level 1 in Dodging
   952 | D:2      | Reached skill level 1 in Shields
   952 | D:2      | Reached skill level 1 in Unarmed Combat
   952 | D:2      | Reached skill level 1 in Spellcasting
   952 | D:2      | Reached skill level 1 in Evocations
  1011 | D:2      | Noticed Jessica
  1021 | D:2      | Killed Jessica
  1022 | D:2      | Reached skill level 1 in Conjurations
  1022 | D:2      | Reached skill level 1 in Hexes
  1022 | D:2      | Reached skill level 1 in Summonings
  1022 | D:2      | Reached skill level 1 in Necromancy
  1022 | D:2      | Reached skill level 1 in Translocations
  1022 | D:2      | Reached skill level 1 in Transmutations
  1022 | D:2      | Reached skill level 1 in Fire Magic
  1022 | D:2      | Reached skill level 1 in Ice Magic
  1022 | D:2      | Reached skill level 1 in Air Magic
  1022 | D:2      | Reached skill level 1 in Earth Magic
  1022 | D:2      | Reached skill level 1 in Poison Magic
  1022 | D:2      | Reached XP level 4. HP: 23/38 MP: 6/6
  1728 | D:3      | Reached XP level 5. HP: 22/43 MP: 7/7
  1756 | D:3      | HP: 1/38 [something (4)]
  1757 | D:3      | Slain by an orc wizard

Illustrated notes

Levels and vault maps discovered:
D:1:      tekkud_arrival_beachfront_property, layout_loops_ring
D:2:      layout_basic, kennysheep_generic_room_7, uniq_jessica
D:3:      layout_rooms, old_standard_altar, lemuel_round_altar,
          ebering_dispersal_statue_hall

Skill      XL: |  1  2  3  4 |
---------------+-------------+-----
Long Blades    | 1 |  1.4
Axes           | 1 |  1.4
Maces & Flails | 1 |  1.4
Polearms       | 1 |  1.4
Staves         | 1 |  1.4
Ranged Weapons | 1 |  1.4
Throwing       | 1 |  1.4
Dodging        | 1 |  1.4
Shields        | 1 |  1.4
Unarmed Combat | 1 |  1.4
Spellcasting   | 1 |  1.4
Evocations     | 1 |  1.4
Conjurations   | 1 |  1.1
Hexes          | 1 |  1.1
Summonings     | 1 |  1.1
Necromancy     | 1 |  1.1
Translocations | 1 |  1.1
Transmutations | 1 |  1.1
Fire Magic     | 1 |  1.1
Ice Magic      | 1 |  1.1
Air Magic      | 1 |  1.1
Earth Magic    | 1 |  1.1
Poison Magic   | 1 |  1.1
Invocations    | 3 |  3.0
Fighting       | |  4.7
Short Blades   | |  8.6
Armour         | |  2.9
Stealth        | |  4.3

Action                     |  1- 3 |  4- 6 || total
---------------------------+-------+-------++-------
  Melee: Short sword       |   107 |    81 ||   188
         Bite              |    10 |     5 ||    15
         Punch             |     1 |     1 ||     2
    Use: Potion            |       |     5 ||     5
         Scroll            |       |     3 ||     3
   Stab: Sleeping          |     3 |     3 ||     6
 Armour: Leather armour    |    26 |    21 ||    47
  Dodge: Dodged            |    43 |    37 ||    80

Table legend: (Time is in decaauts)
 A = Elapsed time spent in this place.
 B = Non-inter-level travel time spent in this place.
 C = Inter-level travel time spent in this place.
 D = Time resting spent in this place.
 E = Time spent auto-exploring this place.
 F = Levels seen in this place.
 G = Mean time per level.
                   A        B        C        D        E       F      G
               +--------+--------+--------+--------+--------+-----+--------+
         Total |   1677 |   1606 |     71 |     36 |   1172 |   3 |  559.0 |
       Dungeon |   1677 |   1606 |     71 |     36 |   1172 |   3 |  559.0 |
               +--------+--------+--------+--------+--------+-----+--------+

Top non-repeatable levels by time:
     D:2: 853 daAuts
     D:1: 712 daAuts
     D:3: 111 daAuts
